 Dungeon Crawl Stone Soup version 0.31.0-9-g3a7656b989 (webtiles) character file.

Game seed: 15577370695271701411

344 Killerpretzel the Ruffian (level 6, -2/62 HPs)
             Began as a Troll Berserker on Jan 26, 2024.
             Was an Elder of Trog.
             Splashed by a jelly's acid (8 damage)
             ... in a sewer.
             The game lasted 00:10:27 (1843 turns).

Killerpretzel the Ruffian (Troll Berserker)         Turns: 1843, Time: 00:10:28

Health: -2/62      AC:  0    Str: 28    XL:     6   Next: 31%
Magic:  0/5        EV: 10    Int:  3    God:    Trog [****..]
Gold:   49         SH:  0    Dex:  9    Spells: 5/5 levels left

rFire   . .          .
                       - Unarmed
rCold   . . .        (no shield)
rNeg    . . .        a - +0 animal skin
rPois   .            (helmet restricted)
rElec   .            (no cloak)
rCorr   .            (gloves unavailable)
SInv    .            (boots unavailable)
Will    ++...        o - amulet of guardian spirit
Stlth   +            (no ring)
HPRegen 2.10/turn    (no ring)
MPRegen 0.09/turn

%: guardian spirit
@: strong-willed, corroded, regenerating
A: large, unfitting armour, claws 3, regeneration 1, shaggy fur 1, tough skin 1
a: Renounce Religion, Berserk, Trog's Hand, Brothers in Arms


You were in a sewer.
You worshipped Trog.
Trog was greatly pleased with you.
You visited 1 branch of the dungeon, and saw 3 of its levels.
You also visited: Sewer.

You collected 49 gold pieces.

Inventory:

Missiles
 e - 3 boomerangs (quivered)
Armour
 a - a +0 animal skin (worn)
Jewellery
 o - an amulet of guardian spirit (around neck)
Wands
 m - a wand of polymorph (8)
Scrolls
 b - 3 scrolls of fog {unknown}
 c - 4 scrolls of teleportation {unknown}
 g - a scroll of poison {unknown}
 j - a scroll of silence {unknown}
 k - a scroll of summoning {unknown}
 l - a scroll of identify {unknown}
 n - a scroll of immolation {unknown}
 p - a scroll of blinking {unknown}
 q - 2 scrolls of amnesia {unknown}
Potions
 d - a potion of attraction {unknown}
 f - a potion of curing {unknown}
 h - 2 potions of haste {unknown}
 i - 2 potions of ambrosia {unknown}


   Skills:
 + Level 3.9 Fighting
 + Level 3.9 Dodging
 + Level 4.8 Unarmed Combat


You had 5 spell levels left.
You didn't know any spells.
Your spell library was empty.

Dungeon Overview and Level Annotations

Branches:
Dungeon (3/15)              Sewer (1/1)

Altars:


Innate Abilities, Weirdness & Mutations

You are too large for most types of armour.
You have claws for hands.
Your natural rate of healing is unusually fast.
You are covered in fur. (AC +1)
You have tough skin. (AC +1)


Message History

There are monsters nearby!
You claw the jelly!
You kill the jelly!
Trog accepts your kill.
There are monsters nearby!
You scratch the jelly.
Your claws burn!
The jelly is lightly wounded.
The frilled lizard bites you.
There are monsters nearby!
You completely miss the jelly.
The jelly is lightly wounded.
The jelly barely misses you. The frilled lizard barely misses you.
There are monsters nearby!
You barely miss the jelly.
The jelly is lightly wounded.
The jelly hits you.
You are splashed with acid!
The frilled lizard barely misses you.
There are monsters nearby!
You are too injured to fight recklessly!
Your skin crawls.
You feel strong-willed. The jelly hits you.
You are splashed with acid!
The frilled lizard bites you.
A rat comes into view.
There are monsters nearby!
You are too injured to fight recklessly!
You scratch the jelly but do no damage.
Your claws burn!
* * * LOW HITPOINT WARNING * * *
The jelly is lightly wounded.
The jelly hits you.
* * * LOW HITPOINT WARNING * * *
You are splashed with acid!
* * * LOW HITPOINT WARNING * * *
The frilled lizard bites you.
* * * LOW HITPOINT WARNING * * *
You fail to use your ability.
The rat twitches its whiskers.
The jelly hits you.
* * * LOW HITPOINT WARNING * * *
The acid corrodes you!
You are splashed with acid!
You die...

########## # ## #~ #.~.
##~ #.~# ###.. ####..#
##.~~~ ##..~.~~# ##..†~~
####~..~....##~~..##
##rJ@...###~~~.~~.##
#.Jl~~~##.##~.~.~##
#~.~.~##~~#...##....#
#.!..~~###~.##~~~~~..~##
#_!..r~ #...##.~~~~...#
#?!.~.. ##∩~.~.~~~.#~~.#
#####.~ ##~~~.#..~##~~.~
#~. ######.~####... #..
#.~~# ###


You could see a jelly, a river rat, an endoplasm, a frilled lizard and a rat.

Vanquished Creatures
  A jelly (Sewer)
  Natasha (thrice) (D:2)
  9 adders
  3 gnolls (D:3)
  3 river rats
  A ribbon worm (D:3)
  A dart slug (D:1)
  2 orcs (D:3)
  14 endoplasms
  4 giant cockroaches
  10 goblins
  10 hobgoblins
  6 jackals
  A quokka (D:1)
  7 ball pythons
  2 bats
  15 frilled lizards
  3 kobolds
  11 rats
106 creatures vanquished.

Notes
Turn   | Place    | Note
-------+----------+-------------------------------------------
     0 | D:1      | Killerpretzel the Troll Berserker began the quest for the
                  | Orb.
     0 | D:1      | Reached XP level 1. HP: 22/22 MP: 0/0
    65 | D:1      | Reached XP level 2. HP: 29/29 MP: 1/1
   339 | D:1      | Reached ** piety under Trog
   344 | D:1      | Reached XP level 3. HP: 34/36 MP: 2/2
   810 | D:2      | Noticed Natasha
   837 | D:2      | Reached XP level 4. HP: 14/45 MP: 3/3
   844 | D:2      | Killed Natasha
  1052 | D:2      | Noticed Natasha
  1065 | D:2      | Killed Natasha
  1065 | D:2      | Reached *** piety under Trog
  1066 | D:2      | Reached skill level 4 in Unarmed Combat
  1136 | D:2      | Noticed Natasha
  1167 | D:2      | Killed Natasha
  1168 | D:2      | Reached XP level 5. HP: 50/53 MP: 4/4
  1650 | D:3      | Found a glowing drain.
  1675 | Sewer    | Entered a sewer
  1759 | Sewer    | Reached XP level 6. HP: 57/62 MP: 3/5
  1767 | Sewer    | Reached **** piety under Trog
  1829 | Sewer    | Found a viscous altar of Jiyva.
  1843 | Sewer    | Splashed by a jelly's acid

Illustrated notes

Levels and vault maps discovered:
D:1:      lightli_molten_gateway, layout_basic, minmay_lizard_king
D:2:      layout_rooms, uniq_natasha
D:3:      layout_loops_ring, portal_sewer_entry_a, uniq_crazy_yiuf_cottage
Sewer:    sewer_hellmonk_slimy_pipes

Skill      XL: |  1  2  3  4 |
---------------+-------------+-----
Fighting       | 3 |  3.9
Dodging        | 3 |  3.9
Unarmed Combat | 4 |  4.8

Action                     |  1- 3 |  4- 6 || total
---------------------------+-------+-------++-------
  Melee: Unarmed           |    94 |   164 ||   258
         Punch             |     1 |     4 ||     5
 Invoke: Trog's Hand       |       |     2 ||     2
 Armour: Animal skin       |    67 |   107 ||   174
         Skin              |       |     8 ||     8
  Dodge: Dodged            |    48 |   100 ||   148
